 Dungeon Crawl Stone Soup version 0.29.0-4-gdea44cf6ec (webtiles) character file.

Game seed: 4146471735061611659

205 qw the Chopper (level 5, -2/30 HPs)
             Began as a Tengu Warper on Aug 28, 2022.
             Slain by a gnoll
             ... wielding a +0 club
              (7 damage)
             ... on level 4 of the Dungeon.
             The game lasted 00:00:16 (3315 turns).

qw the Chopper (Tengu Warper)                       Turns: 3315, Time: 00:00:17

Health: -2/30      AC:  8    Str: 13    XL:     5   Next: 83%
Magic:  9/9        EV:  3    Int: 14    God:
Gold:   123        SH: 12    Dex: 13    Spells: 8/8 levels left

rFire   . . .      SeeInvis +   Y - +0 hand axe
rCold   . . .      Faith    .   r - +0 tower shield
rNeg    . . .      Spirit   .   p - +0 chain mail
rPois   +          Reflect  .   (helmet restricted)
rElec   .          Harm     .   (no cloak)
rCorr   .          Rampage  .   (no gloves)
Will    .....                   (boots unavailable)
Stlth   ..........              (no amulet)
HPRegen 0.10/turn               d - ring of poison resistance
MPRegen 0.11/turn               m - ring of see invisible

@: about to teleport, flying quickly and evasively, quick
A: beak, talons 3, nimble flight
a: no special abilities


You were on level 4 of the Dungeon.
You visited 1 branch of the dungeon, and saw 4 of its levels.

You collected 123 gold pieces.


Innate Abilities, Weirdness & Mutations

You have a beak for a mouth.
You have claws for feet.
Your magical nature lets you fly swiftly and evasively.


   Skills:
 - Level 2.0 Fighting
 - Level 5.7 Axes
 - Level 1.0 Throwing
 - Level 1.1 Armour
 - Level 2.1 Dodging
 + Level 2.4 Shields
 - Level 2.0 Spellcasting
 - Level 2.4 Translocations


You had 8 spell levels left.
You didn't know any spells.
Your spell library contained the following spells:

 Spells                   Type           Power      Damage    Failure   Level
 Blink                    Tloc           16%        N/A       100%        2
 Gell's Gravitas          Tloc           8%         N/A       100%        3
 Lesser Beckoning         Tloc           8%         N/A       100%        3
 Teleport Other           Tloc           8%         N/A       100%        3
 Manifold Assault         Tloc           8%         N/A       100%        5

Inventory:

Hand Weapons
 i - a +0 flail
 Y - a +0 hand axe (weapon)
Missiles
 f - 10 boomerangs (quivered)
Armour
 p - a +0 chain mail (worn)
 r - a +0 tower shield (worn)
Jewellery
 d - a ring of poison resistance (left hand)
 g - a ring of ice
 m - a ring of see invisible (right hand)
 o - a ring of poison resistance
Scrolls
 s - a scroll of identify
Potions
 c - a potion of haste
 e - a potion of mutation {unknown}
 h - a potion of invisibility {unknown}
 j - a potion of lignification {unknown}
 k - a potion of heal wounds {unknown}
 n - a potion of curing {unknown}
 q - a potion of degeneration {unknown}

Dungeon Overview and Level Annotations

Branches:
Dungeon (4/15)
 Temple: D:4-7

Altars:
Dithmenos
Elyvilon
Qazlal
Zin

Shops:
D:3 *

Annotations:
D:2 1 runed translucent door, Crazy Yiuf


Message History

The ball python is moderately wounded.
The ball python bites you but does no damage.
The ball python constricts you.
The ball python bites you but does no damage.
The ball python constricts you.
You hit the ball python.
You kill the ball python!
You hit the adder. You claw the adder! Your peck misses the adder.
The adder is severely wounded.
The adder bites you but does no damage.
You barely miss the adder. You claw the adder.
The adder is almost dead.
You block the adder's attack. x2
You hit the adder.
You kill the adder!
You start resting.
HP restored. 2 gnolls come into view.
The gnoll shouts! x2
A gnoll comes into view. It is wielding a +0 club.
You see here a ring of positive energy.
You block the gnoll's attack.
You barely miss the gnoll. Your kick misses the gnoll.
The gnoll hits you from afar with a +0 halberd!
You block the gnoll's attack. The gnoll hits you with a +0 flail!
The gnoll barely misses you. The gnoll hits you but does no damage.
You completely miss the gnoll. You claw the gnoll, but do no damage.
You hit the gnoll. The gnoll hits you but does no damage.
You block the gnoll's attack.
You hit the gnoll. Your kick misses the gnoll. You peck the gnoll.
The gnoll is severely wounded.
You barely miss the gnoll. The gnoll hits you with a +0 club.
You block the gnoll's attack.
A hound comes into view.
The gnoll hits you with a +0 flail!
3315 ||| READING scroll of teleportation.
As you read the scroll of teleportation, it crumbles to dust.
You feel strangely unstable. The gnoll hits you with a +0 club!
You die...

...#....#
#....h..#
#.......#
#.......
#......#
#...g..#
#....g.# .+
#@g.# ..#
#...#...#
#=..#...#
#....# #....#
#....##
###.....#
#####''.....#
............#


You could see a hound and 3 gnolls.

Vanquished Creatures
  2 hounds (D:4)
  4 gnolls (D:2)
  5 adders
  A worm (D:2)
  A dart slug (D:1)
  An orc (D:3)
  5 ball pythons
  4 endoplasms
  3 giant cockroaches (D:1)
  8 goblins
  7 hobgoblins
  2 quokkas
  3 bats (D:1)
  2 frilled lizards
  2 kobolds
  5 rats
55 creatures vanquished.

Notes
Turn   | Place    | Note
-------+----------+-------------------------------------------
     0 | D:1      | qw the Tengu Warper began the quest for the Orb.
     0 | D:1      | Reached XP level 1. HP: 12/12 MP: 4/4
     0 | D:1      | 0 ||| qw: Version: 0.1-a-89-g26bdef1
     0 | D:1      | 0 ||| qw: Game counter: 214
     0 | D:1      | 0 ||| qw: Always use a shield: true
     0 | D:1      | 0 ||| qw: God list: Okawaru
     0 | D:1      | 0 ||| qw: Allow faded altars: false
     0 | D:1      | 0 ||| qw: Do Orc after D:15 true
     0 | D:1      | 0 ||| qw: Do second Lair branch before Depths: true
     0 | D:1      | 0 ||| qw: Lair rune preference: random
     0 | D:1      | 0 ||| qw: Plans: Normal
     0 | D:1      | 0 ||| PLANNING D:1-11
   156 | D:1      | Found a faded altar of an unknown god.
   265 | D:1      | You fall into a shaft and drop 1 floor!
   324 | D:2      | Found a stormy altar of Qazlal.
   357 | D:2      | 357 ||| DROPPING +0 club.
   360 | D:2      | 360 ||| Stepping ~*~*~tactically~*~*~ (hiding).
   362 | D:2      | 362 ||| Stepping ~*~*~tactically~*~*~ (hiding).
   371 | D:2      | Reached skill level 3 in Axes
   371 | D:2      | Reached XP level 2. HP: 11/17 MP: 6/6
   374 | D:2      | Reached XP level 3. HP: 7/21 MP: 7/7
   603 | D:2      | 603 ||| READING scroll labelled PIOMONIGEL.
   604 | D:2      | 604 ||| READING scroll labelled UZXO JONOJ.
   605 | D:2      | 605 ||| DROPPING scroll of blinking.
   621 | D:2      | Reached skill level 4 in Axes
   817 | D:1      | 817 ||| Stepping ~*~*~tactically~*~*~ (stealth).
   819 | D:1      | 819 ||| Stepping ~*~*~tactically~*~*~ (stealth).
   855 | D:1      | 855 ||| Stepping ~*~*~tactically~*~*~ (stealth).
   856 | D:1      | 856 ||| Stepping ~*~*~tactically~*~*~ (stealth).
   858 | D:1      | 858 ||| Stepping ~*~*~tactically~*~*~ (stealth).
   886 | D:1      | 886 ||| Stepping ~*~*~tactically~*~*~ (hiding).
   988 | D:1      | 988 ||| Stepping ~*~*~tactically~*~*~ (hiding).
  1178 | D:1      | 1178 ||| DROPPING +1 mace of holy wrath.
  1310 | D:1      | Reached XP level 4. HP: 26/26 MP: 8/8
  1518 | D:1      | Found a shadowy altar of Dithmenos.
  1523 | D:1      | 1523 ||| UPGRADING to ring of poison resistance.
  1524 | D:1      | 1524 ||| DRINKING 2 smoky purple potions.
  1525 | D:1      | 1525 ||| DROPPING potion of brilliance.
  1634 | D:2      | 1634 ||| Stepping ~*~*~tactically~*~*~ (stealth).
  1635 | D:2      | 1635 ||| Stepping ~*~*~tactically~*~*~ (stealth).
  1637 | D:2      | 1637 ||| Stepping ~*~*~tactically~*~*~ (stealth).
  1653 | D:2      | HP: 5/26 [adder (2)]
  1656 | D:2      | HP: 2/26 [gnoll/+0 club (1)]
  1658 | D:2      | Reached skill level 5 in Axes
  2002 | D:2      | Found a runed translucent door.
  2003 | D:2      | Noticed Crazy Yiuf
  2196 | D:2      | 2196 ||| UPGRADING to +0 ring mail.
  2206 | D:2      | 2206 ||| DROPPING +0 leather armour.
  2207 | D:2      | 2207 ||| UPGRADING to ring of see invisible.
  2208 | D:2      | 2208 ||| DRINKING 4 sedimented red potions.
  2209 | D:2      | 2209 ||| DROPPING 3 potions of attraction.
  2246 | D:3      | Found Zin's Purification Station.
  2248 | D:3      | Found a glowing silver altar of Zin.
  2253 | D:3      | 2253 ||| SHOPLISTING 2 potions of curing (180 gold, have
                  | 105).
  2265 | D:3      | 2265 ||| Stepping ~*~*~tactically~*~*~ (stealth).
  2266 | D:3      | 2266 ||| Stepping ~*~*~tactically~*~*~ (stealth).
  2271 | D:3      | 2271 ||| Stepping ~*~*~tactically~*~*~ (stealth).
  2272 | D:3      | 2272 ||| Stepping ~*~*~tactically~*~*~ (stealth).
  2296 | D:3      | 2296 ||| Stepping ~*~*~tactically~*~*~ (stealth).
  2299 | D:3      | 2299 ||| Stepping ~*~*~tactically~*~*~ (stealth).
  2595 | D:3      | Gained mutation: Your magical nature lets you fly swiftly
                  | and evasively. [Tengu growth]
  2595 | D:3      | Reached XP level 5. HP: 29/30 MP: 9/9
  2689 | D:3      | Found a white marble altar of Elyvilon.
  2997 | D:3      | 2997 ||| UPGRADING to +0 chain mail.
  3007 | D:3      | 3007 ||| DROPPING +0 ring mail.
  3008 | D:3      | 3008 ||| UPGRADING to +0 tower shield.
  3013 | D:3      | 3013 ||| READING 2 scrolls labelled VOSCHIT JEATHRI.
  3017 | D:3      | 3017 ||| READING 2 scrolls labelled CENGOK RUEJETE.
  3018 | D:3      | 3018 ||| DRINKING 2 grey potions.
  3119 | D:3      | 3119 ||| DRINKING 2 fizzy dark potions.
  3120 | D:3      | 3120 ||| DROPPING potion of ambrosia.
  3121 | D:3      | 3121 ||| DROPPING scroll of magic mapping.
  3144 | D:4      | 3144 ||| STAIRDANCE
  3155 | D:4      | Reached skill level 1 in Shields
  3155 | D:4      | 3155 ||| STAIRDANCE
  3268 | D:4      | 3268 ||| Stepping ~*~*~tactically~*~*~ (stealth).
  3314 | D:4      | HP: 5/30 [gnoll/+0 flail (7)]
  3315 | D:4      | 3315 ||| READING scroll of teleportation.
  3315 | D:4      | Slain by a gnoll

Levels and vault maps discovered:
D:1:      dpeg_arrival_water_altar, layout_basic,
          shapermc_ecumenical_altar_ellora, st_stairs_8, columned_hall_lemuel,
          minmay_pentomino_p4
D:2:      layout_rooms, basic_altar, uniq_crazy_yiuf_cottage
D:3:      layout_rooms, mainiacjoe_overflow_six_doors_small, zin_purify,
          serial_rivers, chequers_serial_rivers_micro_d,
          chequers_serial_rivers_small_3, chequers_serial_rivers_micro_b,
          chequers_serial_rivers_micro_d, chequers_serial_rivers_small_a,
          chequers_serial_rivers_small_3
D:4:      layout_basic, nzn_overflow_gifts_of_might_and_magic,
          minmay_temple_entry_offerings

Skill      XL: |  1  2  3  4  5 |
---------------+----------------+-----
Axes           | 3 4 5 |  5.7
Shields        | 2 |  2.4
Fighting       | |  2.0
Throwing       | |  1.0
Armour         | |  1.1
Dodging        | |  2.1
Spellcasting   | |  2.0
Translocations | |  2.4

Action                   |  1- 3 |  4- 6 || total
-------------------------+-------+-------++-------
Melee: Hand axe          |    50 |    77 ||   127
       Kick              |    16 |    22 ||    38
       Peck              |     6 |    13 ||    19
Throw: Boomerang         |    34 |    20 ||    54
  Use: Scroll            |     2 |     3 ||     5
       Potion            |       |     4 ||     4
Armor: Leather armour    |     7 |     4 ||    11
       Ring mail         |       |     8 ||     8
       Chain mail        |       |    12 ||    12
Dodge: Dodged            |    26 |    44 ||    70
Block: Tower shield      |       |    20 ||    20

Table legend:
 A = Non-vault XP
 B = Vault XP
 C = Vault XP percentage of total XP
 D = Non-vault monster count
 E = Vault monster count
 F = Vault count percentage of total count
                 A         B        C        D         E       F
            +---------+---------+-------+---------+---------+-------
      Total |     283 |      10 |   3.4 |      50 |       5 |   9.1
            +---------+---------+-------+---------+---------+-------
        D:1 |      30 |      10 |  25.0 |      18 |       5 |  21.7
        D:2 |      98 |       0 |   0.0 |      18 |       0 |   0.0
        D:3 |      52 |       0 |   0.0 |       9 |       0 |   0.0
        D:4 |     103 |       0 |   0.0 |       5 |       0 |   0.0
            +---------+---------+-------+---------+---------+-------
